[Event "Late-Titled-Tuesday-Blitz-April-23-2024"]
[Site "Chess.com"]
[Date "2024.04.23"]
[Round "8"]
[White "ChessBrainiacOnTwitch"]
[Black "ansko1999"]
[Result "1-0"]
[WhiteElo "2791"]
[BlackElo "2594"]
[TimeControl "180+1"]
[EndTime "15:28:49 PDT"]
[Termination "ChessBrainiacOnTwitch won by checkmate"]

1. Nf3 b6 2. e4 Bb7 3. Nc3 e6 4.
d4 Nf6 5. Bd3 Bb4 6. Qe2 d5 7.
e5 Ne4 8. O-O Nxc3 9. bxc3 Bxc3 10. Rb1 Nc6 11. Qe3 Bb4 12. Qf4 Be7 13. Qg4 Bf8 14.
Ng5 h6 15. Qh5 g6 16. Bxg6 hxg5 17. Bxf7+ Kd7 18. Qxh8 Nxd4 19. Qh5 Be7 20. Rd1 c5 21. c3 Nc6 22. Qg6 Kc7 23. Qxe6 d4 24. Qf5 Qh8 25. Bxg5 Bxg5 26. Qxg5 Nxe5 27. Qe7+ Kc6 28. cxd4 Nxf7 29. d5# 1-0

[Event "Late-Titled-Tuesday-Blitz-April-23-2024"]
[Site "Chess.com"]
[Date "2024.04.23"]
[Round "8"]
[White "ozates"]
[Black "Korchmar_Vasiliy"]
[Result "0-1"]
[WhiteElo "2556"]
[BlackElo "2705"]
[TimeControl "180+1"]
[EndTime "15:28:49 PDT"]
[Termination "Korchmar_Vasiliy won by resignation"]

1. e4 e6 2. d4 d5 3. Nd2 c5 4.
exd5 exd5 5. Ngf3 Nc6 6. Be2 Nf6 7. O-O Bd6 8. dxc5 Bxc5 9. Nb3 Bb6 10. Bf4 O-O 11.
c4 Bg4 12. c5 Bc7 13. Bxc7 Qxc7 14. Nbd4 Nxd4 15. Qxd4 Rfe8 16. Rfe1 Re4 17. Qc3 Bxf3 18. Bxf3 Rc4 19. Qe3 Rxc5 20. Rad1 Rd8 21. g3 g6 22. Qd4 Qb6 23. Re7 Rc6 24. Qd2 Re6 25. Rxe6 Qxe6 26. Re1 Qd6 27. Qd4 Qb6 28. Qd2 d4 29. Re7 Rd7 30.
Re5 Kg7 31. h4 h5 32. b4 d3 33. a4 Qd4 34. Rc5 b6 35. Rc6 Ng4 36. a5 Ne5 37.
Qd1 Nxc6 38. Bxc6 Rd6 0-1

[Event "Late-Titled-Tuesday-Blitz-April-23-2024"]
[Site "Chess.com"]
[Date "2024.04.23"]
[Round "8"]
[White "Hakiki_satranc"]
[Black "Godzillator"]
[Result "1-0"]
[WhiteElo "2415"]
[BlackElo "2362"]
[TimeControl "180+1"]
[EndTime "15:28:49 PDT"]
[Termination "Hakiki_satranc won by resignation"]

1. e4 d5 2. exd5 Qxd5 3. Nc3 Qd8 4. d4 c6 5. Bf4 Nf6 6. Qd2 Bg4 7. h3 Bh5 8. Bc4 e6 9. Nge2 Bb4 10. a3 Ba5 11. O-O-O Ne4 12. Qe3 Nxc3 13. Nxc3 Bxd1 14. Rxd1 O-O 15.
Ne4 Bc7 16. Bg5 Qe8 17. Nf6+ Kh8 18. Nxe8 Rxe8 19. Bf4 Bxf4 20. Qxf4 Re7 21. Qd6 Re8 22. Qc7 b5 23. Qxf7 Na6 24. Bxe6 Rf8 25. Qb7 Rae8 26.
Bf7 Rd8 27. Qxa6 Rxf7 28. Qxc6 Rxf2 29. Re1 Rff8 30. d5 h6 31. d6 b4 32. d7 1-0

[Event "Late-Titled-Tuesday-Blitz-April-23-2024"]
[Site "Chess.com"]
[Date "2024.04.23"]
[Round "8"]
[White "biostatistician"]
[Black "platy3"]
[Result "0-1"]
[WhiteElo "2739"]
[BlackElo "2882"]
[TimeControl "180+1"]
[EndTime "15:28:51 PDT"]
[Termination "platy3 won on time"]

1. d4 Nf6 2. Nf3 d5 3. c4 e6 4. Bg5 dxc4 5. Qa4+ Nbd7 6. e4 a6 7. Bxc4 Rb8 8. Qc2 b5 9. Be2 h6 10. Bh4 Bb7 11. Nbd2 c5 12. d5 e5 13. O-O Bd6 14. a4 Qb6 15. axb5 axb5 16. Qb3 c4 17. Qa2 O-O 18. Qa7 Ra8 19. Qxb6 Nxb6 20. Bxf6 gxf6 21. Nh4 Na4 22. Nf5 Bb4 23. Nf3 Nxb2 24. Nxh6+ Kh7 25. Nf5 Rxa1 26. Rxa1 Ra8 27. Rb1 c3 28.
Ne1 Ba6 29. Nc2 Bc5 30. Ra1 Na4 31. Kf1 b4 32. Rb1 Nb2 33. Na1 Bd3 34. Bxd3 Nxd3 35. d6 Ra2 0-1

[Event "Late-Titled-Tuesday-Blitz-April-23-2024"]
[Site "Chess.com"]
[Date "2024.04.23"]
[Round "8"]
[White "aranibos"]
[Black "sassassasss"]
[Result "0-1"]
[WhiteElo "2250"]
[BlackElo "2436"]
[TimeControl "180+1"]
[EndTime "15:28:57 PDT"]
[Termination "sassassasss won by resignation"]

1. d4 Nc6 2. Nf3 d6 3. d5 Ne5 4. Nxe5 dxe5 5. e4 a6 6. c4 Nf6 7. Nc3 e6 8. Bd3 exd5 9. cxd5 Bd6 10. O-O h6 11. f4 Ng4 12. h3 Bc5+ 13. Kh1 Nf2+ 14.
Rxf2 Bxf2 15. fxe5 O-O 16. Qf3 Bd4 17. Bf4 Qe7 18. Qg3 Kh8 19. d6 cxd6 20. Nd5 Qd8 21. exd6 Be6 22. Nc7 Rc8 23. Nxe6 fxe6 24. Rb1 Qf6 25.
Rf1 e5 26. d7 Rcd8 27. Be3 Qd6 28. Rxf8+ Rxf8 29. Bxd4 Qxd4 30. Kh2 Qxd7 31. Bc4 Qe7 32. Bd5 b6 33. a4 Qf6 34. Qe1 Qf4+ 35. Kg1 Rc8 36. Bb3 Rc1 37. Bd1 Kh7 38. g3 Qg5 39.
Kg2 Rb1 40. h4 Qc1 41. Kh3 Qxd1 0-1

[Event "Late-Titled-Tuesday-Blitz-April-23-2024"]
[Site "Chess.com"]
[Date "2024.04.23"]
[Round "8"]
[White "Bilan_Danila"]
[Black "Rodalquilar"]
[Result "0-1"]
[WhiteElo "2565"]
[BlackElo "2738"]
[TimeControl "180+1"]
[EndTime "15:28:58 PDT"]
[Termination "Rodalquilar won on time"]

1. d4 d5 2. Nf3 Nf6 3. c4 e6 4. Nc3 a6 5. cxd5 exd5 6. Bg5 Be6 7. e3 Nbd7 8. Bd3 Bd6 9. Qc2 h6 10. Bh4 c6 11. O-O-O Qc7 12. Kb1 O-O-O 13. Bg3 Bxg3 14. hxg3 Kb8 15. Na4 Qd6 16. Nc5 Nxc5 17. dxc5 Qc7 18.
Rh4 Ne4 19. Nd4 Nf6 20. Nxe6 fxe6 21. Rb4 Kc8 22. f4 e5 23. Bf5+ Kb8 24. Qa4 Ka7 25.
Rd3 Ne4 26. Bxe4 dxe4 27. Rxd8 Rxd8 28. Rxe4 exf4 29. gxf4 Rd2 30. Rd4 Rxg2 31. a3 Rg1+ 32. Kc2 h5 33. Qb3 h4 34. Qe6 Qa5 35. Rc4 Qe1 36.
Kb3 Rg3 37. Rc3 Qd1+ 38. Ka2 h3 0-1

[Event "Late-Titled-Tuesday-Blitz-April-23-2024"]
[Site "Chess.com"]
[Date "2024.04.23"]
[Round "8"]
[White "FlemingA"]
[Black "nabukatnezarr"]
[Result "1/2-1/2"]
[WhiteElo "2461"]
[BlackElo "2620"]
[TimeControl "180+1"]
[EndTime "15:29:02 PDT"]
[Termination "Game drawn by repetition"]

1. e4 e5 2. Nf3 Nc6 3. c3 Nf6 4. d4 d5 5. dxe5 Nxe4 6. Nbd2 Bc5 7. Nxe4 dxe4 8. Qxd8+ Nxd8 9. Ng5 Bf5 10. g4 Bg6 11. Bg2 e3 12. Bxe3 Bxe3 13. fxe3 h6 14. Nf3 Be4 15.
Kf2 Nc6 16. Rad1 Bxf3 17. Bxf3 Nxe5 18. Rd5 Nxf3 19. Kxf3 Rd8 20. Rhd1 Rxd5 21. Rxd5 Ke7 22. Kf4 c6 23. Rd4 g6 24. h4 Rg8 25. a4 Ke6 26. Re4+ Kd6 27. Rd4+ Ke7 28. Re4+ Kd8 29.
Rd4+ Ke7 30. Re4+ Kd7 31. Rd4+ Ke7 1/2-1/2

[Event "Late-Titled-Tuesday-Blitz-April-23-2024"]
[Site "Chess.com"]
[Date "2024.04.23"]
[Round "8"]
[White "ricaurtelopezj1955"]
[Black "chedimir"]
[Result "0-1"]
[WhiteElo "2188"]
[BlackElo "2462"]
[TimeControl "180+1"]
[EndTime "15:29:02 PDT"]
[Termination "chedimir won on time"]

1. e4 c5 2. Nf3 e6 3. d4 cxd4 4. Nxd4 Nf6 5. Nc3 d6 6. f4 Be7 7. Bd3 Nc6 8. Nf3 a6 9. O-O b5 10. a3 Bb7 11. Qe2 O-O 12. Kh1 e5 13. Nh4 Nd4 14. Qe1 exf4 15. Bxf4 Nh5 16. Nf5 Nxf5 17. exf5 Nxf4 18. Rxf4 Bf6 19. Rg4 Re8 20. Qg3 h5 21. Re4 Bxe4 22. Nxe4 Be5 23. Qh3 d5 24.
Nc3 Bxc3 25. bxc3 Qg5 26. Qf3 Rad8 27. h3 h4 28. Rf1 Re3 29. Qf2 Qg3 0-1

[Event "Late-Titled-Tuesday-Blitz-April-23-2024"]
[Site "Chess.com"]
[Date "2024.04.23"]
[Round "8"]
[White "Bugcrusher"]
[Black "sergiochess83"]
[Result "1-0"]
[WhiteElo "2545"]
[BlackElo "2909"]
[TimeControl "180+1"]
[EndTime "15:29:04 PDT"]
[Termination "Bugcrusher won by resignation"]

1. d4 Nf6 2. c4 g6 3. Nc3 d5 4.
cxd5 Nxd5 5. e4 Nxc3 6. bxc3 Bg7 7. Bc4 c5 8. Ne2 Nc6 9. Be3 O-O 10. Rc1 e6 11. Qd2 Qa5 12. h4 cxd4 13. cxd4 Qxd2+ 14. Kxd2 Rd8 15. Kc3 Bd7 16. e5 Rac8 17. Kb2 b5 18. Bb3 Nb4 19. Nf4 Bh6 20. a3 Bxf4 21.
axb4 Bxe3 22. fxe3 Bc6 23. Rc5 Bxg2 24. Rhc1 Rxc5 25.
Rxc5 a6 26. Rc7 h6 27. Kc3 g5 28. hxg5 hxg5 29. Kd3 g4 30. e4 g3 31. Ke3 Bh1 32. Rc1 g2 33. d5 exd5 34. exd5 Kf8 35. d6 f6 36. exf6 1-0

[Event "Late-Titled-Tuesday-Blitz-April-23-2024"]
[Site "Chess.com"]
[Date "2024.04.23"]
[Round "8"]
[White "Hirna2005"]
[Black "WoolworthsManly"]
[Result "0-1"]
[WhiteElo "2339"]
[BlackElo "2669"]
[TimeControl "180+1"]
[EndTime "15:29:04 PDT"]
[Termination "WoolworthsManly won by resignation"]

1. e4 e5 2. Nf3 Nc6 3. Bc4 Bc5 4. c3 Nf6 5. d3 a6 6. Nbd2 O-O 7. b4 Ba7 8. O-O d5 9. exd5 Nxd5 10. Ne4 b5 11. Bb3 Bf5 12. Bb2 Nf4 13. Bc2 Bg4 14. Ng3 Qf6 15. a4 Nh3+ 16. Kh1 Nxf2+ 17. Rxf2 Bxf2 18. Ne4 Qe7 19. Nxf2 Bh5 20. axb5 axb5 21. Rxa8 Rxa8 22.
Qe2 Bg6 23. Ne4 h6 24. h3 f5 25. Nc5 Bf7 26. Bb1 Qd6 27. c4 bxc4 28. Nxe5 Re8 29. Nxf7 Rxe2 30. Nxd6 Rxb2 31. Nxc4 Rxb1+ 32. Kh2 Rxb4 33.
Ne6 Rb3 34. Nxc7 Rxd3 35. Ne6 Nd4 36. Ne5 Re3 37. Nxd4 Rxe5 38. Kg3 g5 39. Kf3 Kf7 40. g4 f4 41. Nf5 Kg6 42. Kf2 Rxf5 43. gxf5+ Kxf5 0-1

[Event "Late-Titled-Tuesday-Blitz-April-23-2024"]
[Site "Chess.com"]
[Date "2024.04.23"]
[Round "8"]
[White "ccccvhhhj"]
[Black "ZachHKL"]
[Result "0-1"]
[WhiteElo "2455"]
[BlackElo "2316"]
[TimeControl "180+1"]
[EndTime "15:29:05 PDT"]
[Termination "ZachHKL won on time"]

1. e4 c5 2. Nf3 Nc6 3. d4 cxd4 4. Nxd4 Nf6 5. Nc3 e5 6. Ndb5 d6 7. Bg5 a6 8. Na3 b5 9. Bxf6 gxf6 10. Nd5 f5 11. g3 Bg7 12. Bg2 O-O 13. exf5 Bxf5 14.
Ne3 Bd7 15. Qxd6 Nd4 16. c3 b4 17. cxb4 Rb8 18. O-O Rb6 19. Qc5 Bb5 20. Rfd1 Qb8 21.
Nd5 Rh6 22. Nc2 Kh8 23. Nxd4 exd4 24. Nf4 Rc8 25. Qf5 Kg8 26. Nd5 Re8 27. Re1 Rhe6 28.
Red1 Re5 29. Qf3 Be2 30. Nf6+ Bxf6 31. Qxf6 Bxd1 32. Rxd1 Re1+ 33. Rxe1 Rxe1+ 34. Bf1 Qb5 35. Qd8+ Kg7 36. Qxd4+ f6 37. Qg4+ Kf7 38. Qh5+ Qxh5 0-1

[Event "Late-Titled-Tuesday-Blitz-April-23-2024"]
[Site "Chess.com"]
[Date "2024.04.23"]
[Round "8"]
[White "tarno17"]
[Black "Kostukov_Alex"]
[Result "1-0"]
[WhiteElo "2169"]
[BlackElo "2356"]
[TimeControl "180+1"]
[EndTime "15:29:05 PDT"]
[Termination "tarno17 won by checkmate"]

1. e4 c5 2. Nf3 g6 3. g3 Bg7 4. Bg2 Nc6 5. d3 d6 6. O-O e5 7. Nc3 h6 8. Ne2 Nge7 9. h3 O-O 10. Nh2 f5 11. f4 Be6 12. Nf3 Qd7 13. Kh2 Rae8 14.
Nh4 Kh7 15. c3 d5 16. exf5 Nxf5 17. Nxf5 Bxf5 18. fxe5 Nxe5 19. Nf4 d4 20. g4 Bxg4 21. hxg4 Nxg4+ 22. Kg1 Ne3 23. Bxe3 dxe3 24. Qe2 Rf5 25. Nh3 Rh5 26. Rf3 Ree5 27. Raf1 Rhf5 28. Rxe3 Qe7 29. Rxe5 Rxe5 30. Qf2 Re2 31. Qf7 Qe4 32. Bxe4 Rxe4 33. dxe4 h5 34. Ng5+ Kh6 35. Ne6 Kh7 36. Qxg7# 1-0

[Event "Late-Titled-Tuesday-Blitz-April-23-2024"]
[Site "Chess.com"]
[Date "2024.04.23"]
[Round "8"]
[White "andrew-blr"]
[Black "WoodlandMagic"]
[Result "1/2-1/2"]
[WhiteElo "2641"]
[BlackElo "2827"]
[TimeControl "180+1"]
[EndTime "15:29:06 PDT"]
[Termination "Game drawn by repetition"]

1. d4 Nf6 2. c4 g6 3. Nc3 Bg7 4. e4 d6 5. h3 O-O 6. Bg5 Nc6 7. Nf3 h6 8. Be3 e5 9. d5 Nd4 10. Nxd4 exd4 11. Bxd4 Re8 12. f3 Nh5 13. Bxg7 Qh4+ 14. Kd2 Kxg7 15. g4 Nf4 16. Kc2 Bd7 17. Qd2 Qf6 18. h4 a6 19. Bd3 b5 20. Rag1 g5 21. hxg5 hxg5 22. Ne2 Nxd3 23. Qxd3 bxc4 24. Qe3 c6 25. Nc3 Re5 26. Rh5 Rae8 27. Rgh1 cxd5 28. Rh7+ Kg8 29. Qa7 Be6 30. R1h6 Qxf3 31. Rh8+ Kg7 32. R6h7+ Kg6 33. Rh6+ Kg7 34. R6h7+ Kg6 35. Rh6+ Kg7 1/2-1/2

[Event "Late-Titled-Tuesday-Blitz-April-23-2024"]
[Site "Chess.com"]
[Date "2024.04.23"]
[Round "8"]
[White "MeisterJabo"]
[Black "Oleg_Papayan"]
[Result "0-1"]
[WhiteElo "2486"]
[BlackElo "2645"]
[TimeControl "180+1"]
[EndTime "15:29:06 PDT"]
[Termination "Oleg_Papayan won on time"]

1. c4 Nf6 2. g3 d5 3. cxd5 Qxd5 4. Nf3 Bg4 5. Nc3 Qh5 6. Bg2 Nc6 7. Qb3 O-O-O 8. d3 e6 9. h3 Bxf3 10. Bxf3 Qc5 11.
Be3 Qb4 12. Bxc6 bxc6 13. Bxa7 Qxb3 14. axb3 c5 15. Ra5 Nd7 16. O-O Kb7 17. Rfa1 Bd6 18. Ne4 Ra8 19. Nxc5+ Nxc5 20. Bxc5 Bxc5 21. b4 Bb6 22. R5a3 Bd4 23. Rb1 Rxa3 24. bxa3 Ra8 25. Rb3 Kb6 26. e3 Bf6 27. d4 c6 28. Rc3 e5 29. dxe5 Bxe5 30. Rd3 Kc7 31. Rb3 Kb6 32. f4 Bf6 33. Kf2 Kb5 34. Rd3 Ra7 35. Kf3 Kc4 36.
Rd1 Rxa3 37. Rd7 Kxb4 38. g4 h6 39. h4 Bxh4 40. Rxf7 Bf6 41. Ke4 c5 42. Kd5 Rd3+ 0-1

[Event "Late-Titled-Tuesday-Blitz-April-23-2024"]
[Site "Chess.com"]
[Date "2024.04.23"]
[Round "8"]
[White "Vladimir_2020"]
[Black "Alexei_Gubajdullin"]
[Result "1-0"]
[WhiteElo "2765"]
[BlackElo "2592"]
[TimeControl "180+1"]
[EndTime "15:29:08 PDT"]
[Termination "Vladimir_2020 won by checkmate"]

1. Nf3 Nf6 2. c4 g6 3. g3 Bg7 4. Bg2 O-O 5. O-O d6 6. d4 Nbd7 7. Nc3 e5 8. e4 c6 9. Qc2 a5 10. Rd1 exd4 11. Nxd4 Qe7 12. h3 Nc5 13. Bf4 Nfd7 14.
Rd2 Bxd4 15. Rxd4 Ne6 16. Qd2 Nxd4 17. Qxd4 Ne5 18. Kh2 g5 19. Be3 Be6 20. b3 f5 21.
f4 gxf4 22. gxf4 Ng6 23. Rg1 Qf6 24. Qd2 Rad8 25. Bf3 Rf7 26. Bh5 Kf8 27. Bxg6 hxg6 28. Bd4 Qh4 29. Rxg6 Rh7 30. Qe3 Re8 31. exf5 Bxf5 32.
Rg8+ Kxg8 33. Qxe8# 1-0

[Event "Late-Titled-Tuesday-Blitz-April-23-2024"]
[Site "Chess.com"]
[Date "2024.04.23"]
[Round "8"]
[White "Onischuk_V"]
[Black "GlavkonVVS"]
[Result "1-0"]
[WhiteElo "2842"]
[BlackElo "2659"]
[TimeControl "180+1"]
[EndTime "15:29:10 PDT"]
[Termination "Onischuk_V won by resignation"]

1. e4 Nf6 2. e5 Nd5 3. d4 d6 4. Nf3 Bg4 5. Be2 e6 6. O-O Be7 7. c4 Nb6 8. exd6 cxd6 9. Nc3 O-O 10. h3 Bh5 11. Be3 d5 12. c5 Bxf3 13. Bxf3 Nc8 14.
b4 Nc6 15. b5 Na5 16. Be2 Bf6 17. Rc1 Ne7 18. Bd3 g6 19. Qa4 Bg7 20. Ne2 b6 21. c6 Rc8 22. Bd2 Re8 23. Bxa5 bxa5 24. Rc3 Nf5 25.
Rfc1 Qb6 26. Bxf5 exf5 27. R3c2 Re4 28. c7 Bxd4 29. Nxd4 Rxd4 30. Qb3 a4 31. Qe3 Re4 32. Qg5 Qxb5 33. Qd8+ Re8 34. Qd6 Re6 35. Qd8+ Re8 36.
Qf6 Qd7 37. Rc6 Re6 38. Rxe6 fxe6 39. Qe5 d4 40. Rc4 d3 41. Rd4 Qxc7 42. Qxe6+ Kh8 43.
g3 d2 44. Kh2 f4 45. Rd7 fxg3+ 46. fxg3 Qc3 47. Qf7 1-0

[Event "Late-Titled-Tuesday-Blitz-April-23-2024"]
[Site "Chess.com"]
[Date "2024.04.23"]
[Round "8"]
[White "HipsterChess22"]
[Black "DonJuanEGenaro"]
[Result "1-0"]
[WhiteElo "2228"]
[BlackElo "2023"]
[TimeControl "180+1"]
[EndTime "15:29:11 PDT"]
[Termination "HipsterChess22 won on time"]

1. d4 Nf6 2. Nc3 d5 3. Bf4 c6 4. e3 Bf5 5. Nf3 e6 6. Ne5 Nbd7 7.
g4 Nxe5 8. gxf5 Ned7 9. fxe6 fxe6 10. Bh3 Qe7 11. Qd3 e5 12. Bxd7+ Nxd7 13. dxe5 g5 14.
e6 Nc5 15. Qd4 Bg7 16. Bxg5 Qxg5 17. Qxc5 O-O-O 18. Qxa7 d4 19. Ne4 Qd5 20. e7 Rd7 21. f3 Rxe7 22. O-O-O Kc7 23. exd4 Ree8 24. Qc5 Qxa2 25.
Qd6+ Kc8 26. Nc5 1-0

[Event "Late-Titled-Tuesday-Blitz-April-23-2024"]
[Site "Chess.com"]
[Date "2024.04.23"]
[Round "8"]
[White "SahibSinghKnight"]
[Black "Licancabur"]
[Result "1-0"]
[WhiteElo "2644"]
[BlackElo "2475"]
[TimeControl "180+1"]
[EndTime "15:29:12 PDT"]
[Termination "SahibSinghKnight won by resignation"]

1. e4 Nf6 2. e5 Nd5 3. c4 Nb6 4.
d4 d6 5. exd6 cxd6 6. Nc3 g6 7.
Be3 Bg7 8. Rc1 O-O 9. b3 e5 10. dxe5 dxe5 11. Qxd8 Rxd8 12. c5 N6d7 13. Nf3 Nc6 14.
Ne4 h6 15. Bd2 Nf8 16. Nd6 e4 17. Ng1 b6 18. b4 bxc5 19. bxc5 Be6 20. Ba6 Rab8 21.
Ne2 Rb2 22. Bc3 Rxa2 23. Bb7 Ne5 24. Bxe4 a5 25. Bb1 Ra3 26. O-O Nc6 27. Be4 Nb4 28. Bxg7 Kxg7 29. Ra1 Ra2 30. Nc3 Rxa1 31. Rxa1 Nd7 32. Nb7 Rc8 33. Rxa5 Nc6 34. Bxc6 Rxc6 35. Na4 Ne5 36. Nd8 Rc8 37. Nxe6+ fxe6 38. h3 Kf6 39. Nb6 Nd3 40. Nxc8 1-0

[Event "Late-Titled-Tuesday-Blitz-April-23-2024"]
[Site "Chess.com"]
[Date "2024.04.23"]
[Round "8"]
[White "Polish_fighter3000"]
[Black "Naoki"]
[Result "0-1"]
[WhiteElo "3080"]
[BlackElo "2586"]
[TimeControl "180+1"]
[EndTime "15:29:13 PDT"]
[Termination "Naoki won on time"]

1. d4 Nf6 2. c4 g6 3. Nc3 Bg7 4. e4 d6 5. h4 O-O 6. Be2 c5 7.
d5 e6 8. h5 exd5 9. exd5 Re8 10. h6 Bh8 11. Kf1 Ne4 12. Nxe4 Rxe4 13. Bd3 Re8 14.
Qc2 Nd7 15. Nf3 Ne5 16. Nxe5 Bxe5 17. Bd2 Qf6 18. Re1 Bd7 19. Bc1 Bd4 20. Be4 Rxe4 21.
Rxe4 Bf5 22. f3 Bxe4 23. Qxe4 Bxb2 24. Bxb2 Qxb2 25. Rh4 Qf6 26. a4 Kf8 27. Rf4 Qa1+ 28.
Kf2 Re8 29. Rxf7+ Kxf7 30. Qf4+ Qf6 31. Qe5 Rxe5 0-1

[Event "Late-Titled-Tuesday-Blitz-April-23-2024"]
[Site "Chess.com"]
[Date "2024.04.23"]
[Round "8"]
[White "CombativeWombat"]
[Black "rdarruda"]
[Result "0-1"]
[WhiteElo "2334"]
[BlackElo "2523"]
[TimeControl "180+1"]
[EndTime "15:29:16 PDT"]
[Termination "rdarruda won on time"]

1. e4 c5 2. Nf3 Nc6 3. Nc3 d6 4. d4 cxd4 5. Nxd4 e6 6. Be2 Nf6 7. O-O Be7 8. Be3 a6 9. a4 Qc7 10. f4 O-O 11. Kh1 Bd7 12. Qe1 Rfe8 13. Qg3 Na5 14. e5 Nd5 15. Nxd5 exd5 16. Rae1 Nc4 17.
Bc1 Qb6 18. Nf3 Nxb2 19. Ng5 h6 20. Nxf7 Kxf7 21. Bh5+ Kg8 22. e6 Bxa4 23. f5 Bf6 24.
Bxh6 Qc7 25. Bf4 Nc4 26. Bf7+ Kf8 27. Qh3 Ne5 28. Rxe5 dxe5 29. Bc1 Ke7 30. Ba3+ Kd8 31. Rb1 Qxc2 32. Rf1 Bb5 0-1

[Event "Late-Titled-Tuesday-Blitz-April-23-2024"]
[Site "Chess.com"]
[Date "2024.04.23"]
[Round "8"]
[White "Ghost_Pepper"]
[Black "tylityli"]
[Result "1-0"]
[WhiteElo "2491"]
[BlackElo "2332"]
[TimeControl "180+1"]
[EndTime "15:29:17 PDT"]
[Termination "Ghost_Pepper won on time"]

1. e4 e5 2. Nf3 Nc6 3. Bc4 Nf6 4. d4 exd4 5. e5 d5 6. Bb5 Ne4 7. Nxd4 Bd7 8. Bxc6 bxc6 9. O-O Bc5 10. Be3 Bb6 11.
Nd2 Nxd2 12. Qxd2 c5 13. Bg5 Qc8 14. e6 fxe6 15. Nf5 exf5 16. Rfe1+ Be6 17. Rxe6+ Qxe6 18. Re1 Kf7 19. Rxe6 Kxe6 20. Qe3+ Kd6 21. Qe7+ Kc6 22. Qe6+ Kb7 23. Qxd5+ c6 24. Qf7+ Ka6 25. Qxf5 Rae8 26. g3 c4 27. Qf7 Rhf8 28. Qxc4+ Kb7 29. Be3 Bxe3 30. fxe3 Rf3 31. e4 Rf6 32. Kg2 Rfe6 33. Kf3 R8e7 34. b4 Re5 35. a4 Kb6 36. c3 Kb7 37.
Qd4 Kc8 38. c4 Kb7 39. b5 g5 40. Qd6 cxb5 41. axb5 1-0

[Event "Late-Titled-Tuesday-Blitz-April-23-2024"]
[Site "Chess.com"]
[Date "2024.04.23"]
[Round "8"]
[White "Pig-filth"]
[Black "MaxLeto"]
[Result "1/2-1/2"]
[WhiteElo "2266"]
[BlackElo "2419"]
[TimeControl "180+1"]
[EndTime "15:29:17 PDT"]
[Termination "Game drawn by repetition"]

1. d4 h6 2. e4 g6 3. Nc3 a6 4. Nf3 b6 5. Bc4 e6 6. d5 Bg7 7. dxe6 dxe6 8. Qxd8+ Kxd8 9. Bd2 Bb7 10. O-O-O Nd7 11.
Rhe1 Ke7 12. Bf4 Rc8 13. h4 Bxc3 14. bxc3 Ngf6 15. Bg3 Nxe4 16. Bxa6 Bxa6 17. Rxe4 Nf6 18. Ra4 Be2 19. Re1 Bxf3 20. gxf3 Rhd8 21. Ra7 Rd7 22. Rd1 Nd5 23. Kb2 b5 24. Rb7 c6 25. Rxd7+ Kxd7 26. Rd4 c5 27. Rd1 Ra8 28. Be5 h5 29. Kb3 Ra4 30.
a3 Kc6 31. Bg3 Rc4 32. Rd3 Ra4 33. Kb2 Nb6 34. Rd6+ Kb7 35. Rd8 Nc4+ 36. Kc1 Rxa3 37. Kd1 Ra1+ 38. Ke2 Kc6 39. Rc8+ Kd5 40. Rd8+ Kc6 41.
Rc8+ Kb6 42. Rb8+ Kc6 43. Rc8+ 1/2-1/2

[Event "Late-Titled-Tuesday-Blitz-April-23-2024"]
[Site "Chess.com"]
[Date "2024.04.23"]
[Round "8"]
[White "MKlose11"]
[Black "PepeCuenca"]
[Result "1-0"]
[WhiteElo "2619"]
[BlackElo "2797"]
[TimeControl "180+1"]
[EndTime "15:29:18 PDT"]
[Termination "MKlose11 won on time"]

1. e4 c5 2. Nc3 Nc6 3. g3 g6 4. Bg2 Bg7 5. d3 Rb8 6. Be3 b5 7. Qd2 b4 8. Nd1 d6 9. Ne2 h5 10. h3 e6 11. O-O Nge7 12. f4 a5 13. f5 exf5 14. exf5 Bxf5 15. Rxf5 gxf5 16. Bg5 f6 17. Bf4 Ne5 18. Ne3 O-O 19. d4 cxd4 20. Nxd4 Qd7 21.
Rf1 N5g6 22. Nd5 Nxf4 23. Qxf4 Ng6 24. Qf3 Qa7 25. Rd1 Ne5 26. Qxh5 Nc6 27. Kh2 Nxd4 28. Rxd4 Rbe8 29. Rd2 Re1 30. h4 Qg1+ 31. Kh3 Re5 32. Nf4 Qe3 33. Re2 Qc5 34. Rxe5 fxe5 35. Bd5+ 1-0

[Event "Late-Titled-Tuesday-Blitz-April-23-2024"]
[Site "Chess.com"]
[Date "2024.04.23"]
[Round "8"]
[White "Francisco_Ferrari"]
[Black "Sesleria"]
[Result "1-0"]
[WhiteElo "2198"]
[BlackElo "2134"]
[TimeControl "180+1"]
[EndTime "15:29:23 PDT"]
[Termination "Francisco_Ferrari won by resignation"]

1. e4 c5 2. Nf3 e6 3. c4 Nc6 4.
b3 Nge7 5. Bb2 d5 6. cxd5 exd5 7. Bb5 d4 8. O-O a6 9. Bxc6+ Nxc6 10. h3 Be7 11. Na3 O-O 12. Rc1 f5 13. e5 Qd5 14.
Nc4 Bd8 15. Re1 Be6 16. Ba3 b5 17. Nd6 b4 18. Bb2 Bc7 19. Qc2 Bb6 20. Qc4 h6 21.
d3 Na5 22. Qxd5 Bxd5 23. Nd2 Rad8 24. N2c4 Nxc4 25. bxc4 f4 26. cxd5 f3 27. g3 h5 28.
Nc4 Ba7 29. d6 g5 30. e6 Rde8 31. e7 Rf6 32. d7 Rxe7 33. d8=Q+ Rf8 34. Qxe7 1-0

[Event "Late-Titled-Tuesday-Blitz-April-23-2024"]
[Site "Chess.com"]
[Date "2024.04.23"]
[Round "8"]
[White "Harry_Rakkel"]
[Black "ATM622"]
[Result "1-0"]
[WhiteElo "2682"]
[BlackElo "2513"]
[TimeControl "180+1"]
[EndTime "15:29:24 PDT"]
[Termination "Harry_Rakkel won on time"]

1. e4 c6 2. d4 d5 3. exd5 cxd5 4. Bd3 Nc6 5. c3 Qc7 6. Na3 a6 7. Nc2 g6 8. Ne2 Bg7 9. Bf4 e5 10. dxe5 Nxe5 11. O-O Ne7 12. Ned4 O-O 13. Re1 Re8 14. Qd2 N7c6 15. Re3 f6 16. Rae1 Qf7 17. Bf1 Bd7 18. h3 Na5 19. b3 Nac6 20. Bh2 Nxd4 21. Qxd4 Nc6 22. Qb6 Bf5 23. Rxe8+ Rxe8 24. Rxe8+ Qxe8 25. Ne3 Qd7 26. Nxd5 Be6 27. Nc7 Bf7 28. Qxb7 f5 29.
Qxa6 Bxc3 30. Qd3 Bd4 31. Nb5 Kg7 32. Nd6 Be5 33. Bxe5+ Nxe5 34. Qd4 Kf6 35. f4 1-0

[Event "Late-Titled-Tuesday-Blitz-April-23-2024"]
[Site "Chess.com"]
[Date "2024.04.23"]
[Round "8"]
[White "rikchessmx"]
[Black "katharinareinecke"]
[Result "1/2-1/2"]
[WhiteElo "2296"]
[BlackElo "2062"]
[TimeControl "180+1"]
[EndTime "15:29:26 PDT"]
[Termination "Game drawn by repetition"]

1. e4 c6 2. Nc3 d5 3. Nf3 Bg4 4. exd5 cxd5 5. d4 Nc6 6. Be2 e6 7. O-O Bd6 8. Nb5 Bb8 9. c3 a6 10. Na3 Bd6 11. Nc2 Nf6 12. Bg5 O-O 13. Ne3 Bh5 14.
Nh4 Bxe2 15. Qxe2 h6 16. Bxf6 Qxf6 17. Nf3 b5 18. a3 Na5 19. Ng4 Qg6 20. Nge5 Bxe5 21.
Nxe5 Qf5 22. f4 Nc4 23. h3 a5 24. b3 Nd6 25. Nd7 Rfd8 26. Nc5 b4 27. axb4 axb4 28. cxb4 Ne4 29. g4 Qh7 30. Kh2 h5 31. g5 Qf5 32. b5 g6 33. b6 Rxa1 34. Rxa1 Nxc5 35. dxc5 d4 36. Qe5 Qc2+ 37. Kh1 Qxb3 38. Ra7 Qxh3+ 39.
Kg1 Qg3+ 40. Kf1 Qd3+ 41. Kf2 Qd2+ 42. Kf1 Qd1+ 43. Kf2 Qd2+ 44. Kf3 Qd3+ 45. Kf2 Qd2+ 1/2-1/2

[Event "Late-Titled-Tuesday-Blitz-April-23-2024"]
[Site "Chess.com"]
[Date "2024.04.23"]
[Round "8"]
[White "chucksterf10"]
[Black "PapaieDudu"]
[Result "1-0"]
[WhiteElo "2625"]
[BlackElo "2450"]
[TimeControl "180+1"]
[EndTime "15:29:27 PDT"]
[Termination "chucksterf10 won by resignation"]

1. c3 d5 2. Nf3 Nf6 3. d4 c5 4. dxc5 Nc6 5. b4 a6 6. Bb2 e5 7. e3 Bg4 8. Be2 Be7 9. Nbd2 O-O 10. h3 Bf5 11. O-O h6 12. a4 e4 13. Nd4 Bd7 14.
Nxc6 bxc6 15. c4 a5 16. cxd5 cxd5 17. b5 Bxc5 18. Nb3 Bb4 19. Qd4 Rc8 20. Rac1 Qe7 21. Bc3 Bxc3 22. Rxc3 Qa3 23. Nc5 Qb2 24. Re1 Be6 25.
Bf1 Rfe8 26. Rec1 Qb4 27. Nxe6 Rxc3 28. Rxc3 fxe6 29. Qxb4 axb4 30. Rb3 d4 31. exd4 Nd5 32. Bc4 Nf4 33. Rxb4 Kf7 34. b6 Kf6 35. b7 Rb8 36. a5 Nd5 37. Bxd5 e3 38. a6 e2 39. Rb1 exd5 40. f3 Ke7 41. Kf2 Kd7 42. a7 Re8 43.
b8=Q 1-0